 Dungeon Crawl Stone Soup version 0.23.0 (webtiles) character file.

Game seed: 14377501087041716008

100 Borgoz the Ruffian (level 4, -1/40 HPs)
             Began as a Ghoul Monk on Feb 17, 2019.
             Slain by a shadow imp (4 damage)
             ... summoned by Natasha
             ... on level 2 of the Dungeon.
             The game lasted 00:02:40 (1288 turns).

Borgoz the Ruffian (Ghoul Monk)                     Turns: 1288, Time: 00:02:41

Health: -1/40      AC:  3    Str: 14    XL:     4   Next: 73%
Magic:  3/3        EV: 12    Int:  6    God:
Gold:   86         SH:  0    Dex: 11    Spells: 3/3 levels left

rFire    . . .     SeeInvis .     - Unarmed
rCold    + . .     Gourm    .   (no shield)
rNeg     + + +     Faith    .   f - +0 leather armour
rPois    ∞         Spirit   .   (no helmet)
rElec    .         Reflect  .   (no cloak)
rCorr    .         Harm     .   (no gloves)
MR       .....                  (no boots)
Stlth    ++........             (no amulet)
HPRegen  0.00/turn              (no ring)
MPRegen  0.08/turn              (no ring)

@: rotting
A: rotting body, claws 1, carnivore, cold resistance 1, negative energy
resistance 3, inhibited regeneration, torment resistance, unbreathing
a: no special abilities


You were on level 2 of the Dungeon.
You were not hungry.

You visited 1 branch of the dungeon, and saw 2 of its levels.

You collected 86 gold pieces.

Inventory:

Armour
 f - a +0 leather armour (worn)
Jewellery
 g - an uncursed ring of ice
Scrolls
 c - a scroll of remove curse
 d - a scroll of amnesia {unknown}
 e - 2 scrolls of identify {unknown}
Potions
 h - a potion of berserk rage {unknown}
 i - a potion of lignification {unknown}
Comestibles
 b - 5 rations


   Skills:
 + Level 3.8 Fighting
 + Level 1.4 Armour
 * Level 3.4 Dodging
 + Level 2.6 Stealth
 * Level 4.1 Unarmed Combat


You had 3 spell levels left.
You didn't know any spells.
Your spell library was empty.

Dungeon Overview and Level Annotations

Branches:
Dungeon (2/15)

Altars:

Annotations:
D:2 Natasha


Innate Abilities, Weirdness & Mutations

Your body is rotting away.
You thrive on raw meat.
You are immune to poison.
You have sharp fingernails.
You are carnivorous and can eat meat at any time.
Your flesh is cold resistant. (rC+)
You are immune to negative energy. (rN+++)
You do not regenerate when monsters are visible.
You are immune to unholy pain and torment.
You can survive without breathing.


Message History

Natasha growls.
Natasha claws you.
* * * LOW HITPOINT WARNING * * *
Okay, then.
You closely miss Natasha. Natasha closely misses you.
You scratch Natasha.
Natasha is moderately wounded.
The crimson imp disappears in a puff of smoke!
You closely miss Natasha.
Natasha is moderately wounded.
Natasha claws you.
* * * LOW HITPOINT WARNING * * *
You claw Natasha!
Natasha is severely wounded.
Natasha mumbles some strange words.
You closely miss Natasha.
Natasha is severely wounded.
The iron imp disappears in a puff of smoke!
Natasha closely misses you. The shadow imp hits you.
You die...

..#. #.#.##.....#.#... #..
...###.#.#####........ #...
#..#.....#####.....###
#..##..#.#(.....#.....##
##.....#5.§.§5........#
#............K(.##...##
#...).......gsg.#..###
#..........##h###..###
####......#.####@#......##
#.........#..# #.5.......######
.....^....#...##...............
..............................
.......####...............#
.......# ###.............#
<......# .............##
.......# ..............#
.......# ........÷....#


You could see Natasha, 2 shadow imps, a giant cockroach, a hobgoblin, a goblin
and a kobold.

Vanquished Creatures
  A hound (D:2)
  2 adders (D:2)
  2 oozes
  A worm (D:2)
  2 leopard geckos
  6 bats
  A giant cockroach (D:2)
  3 goblins
  7 hobgoblins
  2 jackals (D:1)
  2 frilled lizards (D:1)
  4 kobolds
  3 rats (D:2)
36 creatures vanquished.

Notes
Turn   | Place    | Note
-------+----------+-------------------------------------------
     0 | D:1      | Borgoz the Ghoul Monk began the quest for the Orb.
     0 | D:1      | Reached XP level 1. HP: 19/19 MP: 0/0
   136 | D:1      | Reached XP level 2. HP: 26/26 MP: 1/1
   283 | D:1      | Reached XP level 3. HP: 19/31 MP: 2/2
   347 | D:1      | You fall through a shaft!
   368 | D:2      | Reached skill level 1 in Armour
   483 | D:2      | Reached XP level 4. HP: 31/40 MP: 3/3
   576 | D:1      | Reached skill level 4 in Unarmed Combat
  1256 | D:2      | Noticed Natasha
  1274 | D:2      | HP: 2/40 [Natasha/magic dart (8)]
  1288 | D:2      | Slain by a shadow imp

Skill      XL: |  1  2  3  4 |
---------------+-------------+-----
Dodging        | 3 |  3.4
Armour         | 1 |  1.4
Unarmed Combat | 4 |  4.1
Fighting       | |  3.8
Stealth        | |  2.6

Action                   |  1- 3 |  4- 6 || total
-------------------------+-------+-------++-------
Melee: Unarmed           |    58 |    60 ||   118
       Punch             |     2 |       ||     2
  Use: Potion            |     1 |       ||     1
       Scroll            |       |     1 ||     1
 Stab: Sleeping          |     2 |       ||     2
  Eat: Chunk             |     7 |     8 ||    15
Armor: Robe              |    19 |     8 ||    27
       Leather armour    |       |     4 ||     4
Dodge: Dodged            |    62 |    43 ||   105
